 Dungeon Crawl Stone Soup version 0.30-a0-21-g5d08c37080 (webtiles) character file.

Game seed: 16030906478592583502

14 Plasmagod the Trooper (level 2, -2/16 HPs)
             Began as a Vine Stalker Fighter on Aug 24, 2022.
             Slain by a worm (7 damage)
             ... on level 2 of the Dungeon.
             The game lasted 00:00:50 (848 turns).

Plasmagod the Trooper (Vine Stalker Fighter)         Turns: 848, Time: 00:00:50

Health: -2/16      AC:  6    Str: 18    XL:     2   Next: 45%
Magic:  0/3        EV:  9    Int:  8    God:
Gold:   93         SH:  4    Dex: 13    Spells: 1/1 levels left

rFire   . . .      SeeInvis .    a - +0 long sword
rCold   . . .      Faith    .    c - +0 buckler
rNeg    . . .      Spirit   +    b - +0 scale mail
rPois   .          Reflect  .    (no helmet)
rElec   .          Harm     .    (no cloak)
rCorr   .          Rampage  .    (no gloves)
Will    .....                    (no boots)
Stlth   ..........               (no amulet)
HPRegen 0.05/turn                (no ring)
MPRegen 0.08/turn                (no ring)

@: no status effects
A: fangs 2, magic shield, antimagic bite, no potion heal 2
a: no special abilities


You were on level 2 of the Dungeon.
You visited 1 branch of the dungeon, and saw 2 of its levels.

You collected 93 gold pieces.

Inventory:

Hand Weapons
 a - a +0 long sword (weapon)
Armour
 b - a +0 scale mail (worn)
 c - a +0 buckler (worn)
Scrolls
 e - 5 scrolls of identify {unknown}
 f - a scroll of immolation {unknown}
 g - a scroll of blinking {unknown}
 h - a scroll of silence {unknown}
 i - a scroll of teleportation {unknown}
 j - a scroll of fog {unknown}
 l - a scroll of fear {unknown}
Potions
 d - a potion of might
 k - a potion of brilliance {unknown}


   Skills:
 + Level 2.9 Fighting
 + Level 2.1 Long Blades
 + Level 2.5 Armour
 + Level 2.7 Shields


You had one spell level left.
You didn't know any spells.
Your spell library was empty.

Dungeon Overview and Level Annotations

Branches:
Dungeon (2/15)

Altars:


Innate Abilities, Weirdness & Mutations

You have extremely sharp teeth.
When hurt, damage is shared between your health and your magic reserves.
Your bite disrupts and absorbs the magic of your enemies.
Potions cannot restore your health.


Message History

Done exploring.
Done exploring.
There is a stone staircase leading down here.
You climb downwards.
Found a scroll labelled MICKEGG LUOME.
There is a stone staircase leading up here.
l - a scroll labelled MICKEGG LUOME You now have 78 gold pieces (gained 15).
You now have 93 gold pieces (gained 15).
You open the door.
A kobold comes into view. It is wielding a +0 short sword.
The kobold shouts!
The kobold throws a stone.
The stone hits you but does no damage.
A worm comes into view.
There is an open door here.
You closely miss the kobold. Your bite misses the kobold.
You block the kobold's attack.
You miss the kobold. You bite the kobold, but do no damage.
The kobold hits you but does no damage.
You closely miss the kobold. Your bite misses the kobold.
The kobold closely misses you.
You hit the kobold.
You kill the kobold!
You hit the worm.
The worm is moderately wounded.
The worm bites you!
You hit the worm but do no damage.
The worm is moderately wounded.
The worm bites you.
You are too injured to fight recklessly!
You are too injured to fight recklessly!
You are too injured to fight recklessly!
You are too injured to fight recklessly!
You are too injured to fight recklessly!
You are too injured to fight recklessly!
You are too injured to fight recklessly!
You hit the worm.
The worm is moderately wounded.
The worm bites you!
You die...

.. #.... .# ... #...#
.###. ...##...###....
.............##.
................
..............#.
.......)........
........@w......
##.#..........#..#
.#######'###...#..#
...............#..
#####.....##..... .
#####.....##...#..#
...............#..#
..........##...#..####..##
.#.................. ....


You could see a worm.

Vanquished Creatures
  2 ball pythons (D:1)
  An endoplasm (D:1)
  A giant cockroach (D:1)
  3 goblins (D:1)
  2 kobolds
  2 bats (D:1)
  A frilled lizard (D:1)
  A rat (D:1)
13 creatures vanquished.

Notes
Turn   | Place    | Note
-------+----------+-------------------------------------------
     0 | D:1      | Plasmagod the Vine Stalker Fighter began the quest for the
                  | Orb.
     0 | D:1      | Reached XP level 1. HP: 11/11 MP: 2/2
   309 | D:1      | Reached XP level 2. HP: 16/16 MP: 3/3
   848 | D:2      | Slain by a worm

Illustrated notes

Levels and vault maps discovered:
D:1:      lightli_arrival_windingriver, layout_basic
D:2:      layout_basic

Skill      XL: |  1 |
---------------+----+-----
Long Blades    | 2 |  2.1
Fighting       | |  2.9
Armour         | |  2.5
Shields        | |  2.7

Action                   || total
-------------------------++-------
Melee: Long sword        ||    32
       Bite              ||     8
Armor: Scale mail        ||    16
Dodge: Dodged            ||    16
Block: Buckler           ||    12

Table legend: (Time is in decaauts)
 A = Elapsed time spent in this place.
 B = Non-inter-level travel time spent in this place.
 C = Inter-level travel time spent in this place.
 D = Time resting spent in this place.
 E = Time spent auto-exploring this place.
 F = Levels seen in this place.
 G = Mean time per level.
                   A        B        C        D        E       F      G
               +--------+--------+--------+--------+--------+-----+--------+
         Total |    860 |    860 |      0 |      0 |    752 |   2 |  430.0 |
       Dungeon |    860 |    860 |      0 |      0 |    752 |   2 |  430.0 |
               +--------+--------+--------+--------+--------+-----+--------+

Top non-repeatable levels by time:
     D:1: 822 daAuts
     D:2: 37 daAuts
